 Dungeon Crawl Stone Soup version 0.27.1-16-g815e20cd7a (webtiles) character file.

Game seed: 2632346203153353254

6655 raph the Destroyer (level 10, -4/54 HPs)
             Began as a Deep Elf Earth Elementalist on Nov 21, 2021.
             Was a Follower of Sif Muna.
             Slain by a seven-headed hydra (9 damage)
             ... on level 11 of the Dungeon.
             The game lasted 00:27:00 (14345 turns).

raph the Destroyer (Deep Elf Earth Elementalist)   Turns: 14345, Time: 00:27:01

Health: -4/54      AC: 10    Str:  7    XL:     10   Next: 73%
Magic:  16/21      EV: 14    Int: 24    God:    Sif Muna [*.....]
Gold:   425        SH:  5    Dex: 15    Spells: 6/21 levels left

rFire    + . .     SeeInvis .   v - +10 dagger of Purpose {vorpal, Will- rCorr Str+2}
rCold    + . .     Faith    .   J - +0 buckler
rNeg     . . .     Spirit   .   o - +1 robe {rC+ rF+}
rPois    .         Reflect  .   (no helmet)
rElec    .         Harm     .   C - +2 cloak
rCorr    +         Rampage  .   N - +1 pair of gloves
Will     .....                  M - +1 pair of boots
Stlth    ++........             y - amulet of magic regeneration
HPRegen  0.18/turn              h - ring of flight
MPRegen  0.42/turn              E - ring of resist corrosion

@: flying
A: no striking features
a: Renounce Religion, Channel Magic


You were on level 11 of the Dungeon.
You worshipped Sif Muna.
Sif Muna was aware of your devotion.
You visited 2 branches of the dungeon, and saw 12 of its levels.
You also visited: Sewer.

You collected 546 gold pieces.
You spent 121 gold pieces at shops.

Inventory:

Hand Weapons
 a - a +2 vampiric dagger
 d - a +0 dagger
 k - a +0 dagger of venom
 m - a +1 dagger of electrocution
 v - the +10 dagger of Purpose (weapon) {vorpal, Will- rCorr Str+2}
   (You found it on level 5 of the Dungeon)

   It inflicts extra damage upon your enemies.
   Str:       It affects your strength (+2).
   rCorr:     It protects you from acid and corrosion.
   Will:      It decreases your willpower.
 O - a +1 rapier
Missiles
 c - 129 stones
 n - 71 poisoned darts
 x - a throwing net
Armour
 b - a +1 robe
 j - a +0 troll leather armour {Purgy}
 o - a +1 robe of resistance (worn)
 t - a +1 cloak
 C - a +2 cloak (worn)
 J - a +0 buckler (worn)
 M - a +1 pair of boots (worn)
 N - a +1 pair of gloves (worn)
Jewellery
 h - a ring of flight (left hand)
 y - an amulet of magic regeneration (around neck)
 E - a ring of resist corrosion (right hand)
 F - a ring of ice
 L - a ring of positive energy
Wands
 g - a wand of flame (15)
 p - a wand of charming (8)
 q - a wand of digging (7)
 w - a wand of iceblast (26)
 I - a wand of polymorph (23)
Scrolls
 l - 3 scrolls of immolation
 A - a scroll of blinking
 D - a scroll of vulnerability
 G - 3 scrolls of amnesia
 K - 2 scrolls of teleportation
Potions
 e - a potion of berserk rage
 f - 3 potions of lignification
 i - 2 potions of heal wounds
 r - 3 potions of might
 s - a potion of mutation
 u - a potion of curing
 z - 4 potions of cancellation
 B - a potion of resistance
 H - a potion of flight {unknown}
 P - 2 potions of brilliance {unknown}


   Skills:
 - Level 2.6 Fighting
 - Level 4.7 Dodging
 - Level 3.4 Stealth
 - Level 4.0 Shields
 + Level 6.0 Spellcasting
 * Level 10.7 Conjurations
 - Level 1.1 Transmutations
 + Level 7.0 Ice Magic
 + Level 4.3 Air Magic
 - Level 7.3 Earth Magic
 + Level 1.9 Invocations


You had 6 spell levels left.
You knew the following spells:

 Your Spells              Type           Power      Damage    Failure   Level
a - Sandblast             Erth           84%        2d18      1%          1
b - Passwall              Tmut/Erth      22%        N/A       2%          2
c - Stone Arrow           Conj/Erth      100%       3d13      1%          3
d - Freezing Cloud        Conj/Ice/Air   21%        6-21      11%         5
e - Petrify               Tmut/Erth      27%        N/A       14%         4

Your spell library contained the following spells:

 Spells                   Type           Power      Damage    Failure   Level
 Ensorcelled Hibernation  Hex/Ice        48%        N/A       2%          2
 Corona                   Hex            7%         N/A       8%          1
 Animate Armour           Summ/Erth      48%        N/A       17%         4
 Tukima's Dance           Hex            7%         N/A       24%         3
 Olgreb's Toxic Radiance  Pois           7%         N/A       61%         4
 Simulacrum               Ice/Necr       12%        N/A       96%         6
 Ozocubu's Refrigeration  Ice            20%        4d9       98%         7
 Ignition                 Fire           3%         3d4       100%        8
 Lehudib's Crystal Spear  Conj/Erth      25%        10d7      100%        8
 Polar Vortex             Ice            20%        N/A       100%        9


Dungeon Overview and Level Annotations

Branches:
Dungeon (11/15)            Temple (1/1) D:7           Sewer (visited)
   Lair: D:8-11         Orc: D:9-12

Altars:
Ashenzari
Cheibriados
Dithmenos
Elyvilon
Fedhas
Gozag
Hepliaklqana
Kikubaaqudgha
Makhleb
Nemelex Xobeh
Okawaru
Qazlal
Ru
Sif Muna
Trog
Uskayaw
Vehumet
Wu Jian
Xom
Yredelemnul
Zin
The Shining One

Shops:
D:4 *   D:6 *==?=

Annotations:
D:3 exclusion: ogre
D:4 2 transporters, carontestyx's ghost, amateur GrEE
D:11 exclusion: boulder beetle


Message History

Sif Muna accepts your kill.
Your Spellcasting skill increases to level 6!
Your Ice Magic skill increases to level 7!
You start resting.
Magic restored.
HP restored.
Found a scroll of amnesia.
G - 3 scrolls of amnesia (gained 1)
You reach down and open the door.
There is an open door here.
You reach down and open the door.
A seven-headed hydra comes into view.
The seven-headed hydra roars!
Found 15 gold pieces.
There is an open door here.
Casting: Stone Arrow (safe; 1% risk of failure)
Confirm with . or Enter, or press ? or * to list all spells.
Aiming: Stone Arrow (safe; 1% risk of failure)
Press: ? - help, Shift-Dir - straight line, f - seven-headed hydra
Aim: a seven-headed hydra (92% to hit)
The stone arrow hits the seven-headed hydra!
The seven-headed hydra is lightly wounded.
The seven-headed hydra bites you but does no damage.
The seven-headed hydra bites you!
The seven-headed hydra bites you but does no damage.
You block the seven-headed hydra's attack.
The seven-headed hydra bites you! The seven-headed hydra misses you. x2
Casting: Stone Arrow (safe; 1% risk of failure)
Confirm with . or Enter, or press ? or * to list all spells.
Aiming: Stone Arrow (safe; 1% risk of failure)
Press: ? - help, Shift-Dir - straight line, f/p - seven-headed hydra
Aim: a seven-headed hydra (lightly wounded, 92% to hit)
The stone arrow hits the seven-headed hydra!!
The seven-headed hydra is heavily wounded.
The seven-headed hydra misses you. The seven-headed hydra bites you! x2
* * * LOW HITPOINT WARNING * * *
The seven-headed hydra bites you.
* * * LOW HITPOINT WARNING * * *
The seven-headed hydra bites you!
You die...

..## #.......# ...
#.......# #.$#.......#
#.#.......# #.'.......#
#.......# #.......#
#.D.....# ##@###### #..##
########+## ##..###
#.........# ##...#
#.........########.####
###.........+.#.........#
..'.........#.#.........#
###.........#.#.........#
#........[#.#.........#


You could see a seven-headed hydra.

Vanquished Creatures
  A two-headed ogre (D:10)
  A cyclops (D:11)
  A meliai zombie (D:11)
  10 yaks
  2 wyverns
  4 vampire mosquitoes (D:11)
  An acid dragon (D:8)
  3 water moccasins
  An orc warrior (D:9)
  2 ice beasts
  2 black bears
  Purgy (Sewer)
  4 centaurs (D:7)
  A phantom (D:5)
  A kobold brigand (D:9)
  A gnoll sergeant (D:8)
  A scorpion (D:4)
  A water moccasin skeleton (D:5)
  5 killer bees (D:9)
  10 wights
  3 howler monkeys (D:11)
  2 centaur zombies
  A bullfrog skeleton (D:7)
  2 hounds
  2 orc priests
  2 centaur skeletons
  2 gnoll shamans
  Jessica (D:3)
  3 iguanas
  4 orc wizards
  Terence (D:2)
  A howler monkey zombie (D:9)
  7 adders
  11 gnolls
  2 shadow imps
  A white imp (D:8)
  An ufetubus (D:7)
  2 worms
  2 dart slugs
  13 orcs
  12 endoplasms
  3 giant cockroaches
  17 goblins
  4 hobgoblins
  4 jackals
  15 kobolds
  5 quokkas
  10 ball pythons
  4 bats
  7 frilled lizards
  7 rats
204 creatures vanquished.

Notes
Turn   | Place    | Note
-------+----------+-------------------------------------------
     0 | D:1      | raph the Deep Elf Earth Elementalist began the quest for
                  | the Orb.
     0 | D:1      | Reached XP level 1. HP: 10/10 MP: 6/6
    60 | D:1      | Found a faded altar of an unknown god.
   235 | D:1      | Reached XP level 2. HP: 15/15 MP: 6/8
   295 | D:1      | Learned a level 2 spell: Passwall
   753 | D:1      | Reached XP level 3. HP: 19/19 MP: 7/9
   783 | D:1      | Learned a level 3 spell: Stone Arrow
  1990 | D:2      | Reached skill level 1 in Conjurations
  2480 | D:2      | Noticed Terence
  2807 | D:2      | Killed Terence
  2808 | D:2      | Reached skill level 5 in Earth Magic
  2808 | D:2      | Reached XP level 4. HP: 24/24 MP: 4/10
  2936 | D:3      | Reached skill level 2 in Conjurations
  3335 | D:3      | Reached XP level 5. HP: 28/28 MP: 2/11
  3833 | D:3      | Noticed an ogre
  3867 | D:3      | Reached skill level 3 in Conjurations
  4059 | D:3      | Noticed Jessica
  4063 | D:3      | Killed Jessica
  4425 | D:4      | Reached XP level 6. HP: 32/32 MP: 5/12
  4557 | D:4      | Reached skill level 4 in Conjurations
  4810 | D:4      | Found Loytok's Gadget Gallery.
  4818 | D:4      | Bought a wand of flame (15) for 93 gold pieces
  4897 | D:4      | Found a glowing drain.
  5016 | Sewer    | Entered a sewer
  5040 | Sewer    | Noticed Purgy
  5068 | Sewer    | Killed Purgy
  5069 | Sewer    | Reached skill level 5 in Conjurations
  5069 | Sewer    | Reached XP level 7. HP: 21/36 MP: 5/13
  5297 | D:4      | Learned a level 5 spell: Freezing Cloud
  5443 | D:4      | Noticed carontestyx's ghost (amateur GrEE)
  5446 | D:4      | Found a transporter.
  5564 | D:4      | Reached skill level 1 in Ice Magic
  5882 | D:4      | Found a transporter.
  6106 | D:5      | Entered Level 5 of the Dungeon
  6113 | D:5      | Identified the +10 dagger of Purpose {vorpal, Will- rCorr
                  | Str+2}
  6637 | D:5      | Reached skill level 1 in Fighting
  6796 | D:5      | Reached XP level 8. HP: 43/43 MP: 7/15
  7109 | D:6      | Found Vuojosorgh's Jewellery Emporium.
  7169 | D:6      | Found Docao's Jewellery Boutique.
  7182 | D:6      | Found Nagasur's Jewellery Shoppe.
  7423 | D:6      | Reached skill level 1 in Air Magic
  7473 | D:6      | Reached skill level 6 in Conjurations
  7675 | D:6      | Found Juishran's Assorted Antiques.
  7760 | D:6      | Found Paitoke's Magic Scroll Shop.
  7769 | D:6      | Bought a scroll of identify for 28 gold pieces
  8092 | D:7      | Found a staircase to the Ecumenical Temple.
  8101 | Temple   | Entered the Ecumenical Temple
  8845 | Temple   | Became a worshipper of Sif Muna the Loreminder
  8895 | D:7      | Reached skill level 7 in Conjurations
  9875 | D:7      | Reached XP level 9. HP: 47/47 MP: 5/16
 10067 | D:7      | Reached skill level 8 in Conjurations
 10077 | D:7      | Reached skill level 5 in Ice Magic
 11048 | D:8      | Reached skill level 9 in Conjurations
 11514 | D:8      | Reached skill level 1 in Shields
 11960 | D:8      | Reached * piety under Sif Muna
 12727 | D:9      | Reached XP level 10. HP: 53/53 MP: 16/19
 12972 | D:9      | Found a white marble altar of Elyvilon.
 13150 | D:10     | Entered Level 10 of the Dungeon
 13176 | D:10     | Noticed a two-headed ogre
 13187 | D:10     | Killed a two-headed ogre
 13188 | D:10     | Reached skill level 5 in Spellcasting
 13188 | D:10     | Reached skill level 10 in Conjurations
 13357 | D:10     | You are sucked into a shaft and drop 1 floor!
 13397 | D:11     | Learned a level 4 spell: Petrify
 13625 | D:11     | Reached skill level 1 in Invocations
 13664 | D:11     | Noticed a cyclops
 13667 | D:11     | Killed a cyclops
 13805 | D:11     | Noticed a boulder beetle
 14340 | D:11     | Noticed a seven-headed hydra
 14345 | D:11     | Slain by a seven-headed hydra

Illustrated notes

Levels and vault maps discovered:
D:1:      amcnicky_arrival_choice, layout_loops_corners,
          chequers_ecumenical_altar_island, feat_on_display
D:2:      layout_rooms, minmay_crystal_room, uniq_terence
D:3:      layout_basic, kennysheep_generic_room_9, uniq_jessica
D:4:      layout_basic, gammafunk_ghost_arena, cheibrodos_sewer_entry_drain,
          nicolae_shop_gadgets
D:5:      layout_loops_ring
D:6:      layout_gridville, serial_shops, shop, shop, shop_scrolls,
          nicolae_shop_behind_doors, nicolae_shop_crystal
D:7:      nicolae_whirlpool, layout_gridville, minmay_temple_entry_wispy,
          grunt_ministairs_9
D:8:      layout_cave_pods
D:9:      layout_cave_pools, elyvilon_altar_3, enter_bailey_3
D:10:     layout_basic
D:11:     layout_roguey, lair_entry_dummy, gauntlet_entry_generic
Temple:   nicolae_temple_the_god_donut

Skill      XL: |  1  2  3  4  5  6  7  8  9 10 |
---------------+-------------------------------+-----
Earth Magic    | 4 5 6 7 |  7.3
Conjurations   | 1 2 3 5 7 9 10 | 10.7
Ice Magic      | 2 4 6 7 |  7.0
Fighting       | 1 2 |  2.6
Dodging        | 3 4 |  4.7
Stealth        | 3 |  3.4
Air Magic      | 3 4 |  4.3
Shields        | 2 4 |  4.0
Spellcasting   | 4 6 |  6.0
Invocations    | 1 |  1.9
Transmutations | |  1.1

Action                   |  1- 3 |  4- 6 |  7- 9 | 10-12 || total
-------------------------+-------+-------+-------+-------++-------
Melee: Dagger            |     4 |    22 |    11 |     5 ||    42
Throw: Dart              |       |       |     3 |       ||     3
 Cast: Sandblast         |    34 |    22 |    68 |    39 ||   163
       Stone Arrow       |    24 |    35 |    93 |    15 ||   167
       Passwall          |     1 |     1 |     1 |       ||     3
  Use: Scroll            |     3 |     5 |    12 |     5 ||    25
       Potion            |       |       |     1 |       ||     1
 Stab: Sleeping          |     1 |       |     1 |       ||     2
Armor: Robe              |     6 |     8 |    12 |    15 ||    41
Dodge: Dodged            |    20 |    22 |    34 |    37 ||   113
Block: Buckler           |       |       |     5 |     7 ||    12
